 Dungeon Crawl Stone Soup version 0.28.0-53-g5a82cb258f (webtiles) character file.

Game seed: 16642532753560486713

242 LustLizard the Chopper (level 5, -9/46 (47) HPs)
             Began as a Minotaur Berserker on July 30, 2022.
             Was a Believer of Trog.
             Mangled by a wight
             ... wielding a +4 flail
              (11 damage)
             ... on level 3 of the Dungeon.
             The game lasted 00:03:20 (2395 turns).

LustLizard the Chopper (Minotaur Berserker)         Turns: 2395, Time: 00:03:22

HP:   -9/46 (47)    AC:  3    Str: 23    XL:     5   Next: 81%
MP:   4/4           EV: 11    Int:  4    God:    Trog [**....]
Gold: 84            SH:  0    Dex: 10    Spells: 4/4 levels left

rFire   . . .      SeeInvis .   a - +0 hand axe
rCold   . . .      Faith    .   (no shield)
rNeg    . . .      Spirit   .   h - +0 leather armour
rPois   .          Reflect  .   (helmet restricted)
rElec   .          Harm     .   (no cloak)
rCorr   .          Rampage  .   (no gloves)
Will    .....                   (no boots)
Stlth   +.........              k - amulet of the acrobat
HPRegen 0.15/turn               (no ring)
MPRegen 0.09/turn               (no ring)

@: lightly drained
A: horns 2, retaliatory headbutt
a: Renounce Religion, Berserk, Trog's Hand


You were on level 3 of the Dungeon.
You worshipped Trog.
Trog was pleased with you.
You visited 1 branch of the dungeon, and saw 3 of its levels.

You collected 84 gold pieces.

Inventory:

Hand Weapons
 a - a +0 hand axe (weapon)
Missiles
 f - 4 boomerangs
 o - 60 stones (quivered)
Armour
 b - a +0 animal skin
 h - a +0 leather armour (worn)
Jewellery
 k - an amulet of the acrobat (around neck)
Scrolls
 e - a scroll of blinking {unknown}
 i - 5 scrolls of identify {unknown}
 j - a scroll of fear {unknown}
 l - a scroll of enchant weapon {unknown}
 m - a scroll of noise {unknown}
 n - a scroll of acquirement {unknown}
 q - a scroll of enchant armour {unknown}
 r - a scroll of fog {unknown}
Potions
 c - a potion of flight {unknown}
 d - a potion of attraction {unknown}
 g - a potion of brilliance {unknown}
 p - a potion of mutation {unknown}


   Skills:
 + Level 4.8 Fighting
 * Level 5.9 Axes
 * Level 3.2 Throwing
 - Level 2.4 Armour
 - Level 2.1 Dodging


You had 4 spell levels left.
You didn't know any spells.
Your spell library was empty.

Dungeon Overview and Level Annotations

Branches:
Dungeon (3/15)

Altars:


Innate Abilities, Weirdness & Mutations

You have a pair of horns on your head.
You reflexively headbutt those who attack you in melee.


Message History

You hit the wight.
The wight is almost destroyed.
The wight barely misses you.
You hit the wight.
You destroy the wight!
Trog accepts your kill.
Your life force feels restored.
Your Throwing skill increases to level 3!
Things that are here:
a +3 great sword; a +0 robe A wight is nearby!
You throw a stone. The stone barely misses the wight.
You throw a stone.
The stone hits the wight but does no damage.
You throw a stone. The stone barely misses the wight.
You throw a stone. The stone hits the wight.
The wight is lightly damaged.
You throw a stone. The stone hits the wight.
The wight is moderately damaged.
You throw a stone. The stone barely misses the wight.
You hit the wight but do no damage.
The wight is moderately damaged.
The wight hits you with a +4 flail!
You barely miss the wight. Your headbutt misses the wight.
The wight is moderately damaged.
The wight hits you with a +4 flail!
You feel drained.
You hit the wight but do no damage.
The wight is moderately damaged.
The wight hits you with a +4 flail.
You closely miss the wight. Your headbutt misses the wight.
You punch the wight, but do no damage.
The wight is moderately damaged.
The wight hits you with a +4 flail!
You hit the wight. Your headbutt misses the wight.
The wight is moderately damaged.
You hit the wight but do no damage.
The wight hits you with a +0 dire flail!
* * * LOW HITPOINT WARNING * * *
The wight hits you with a +4 flail!
You die...

#.# #.# #.#
#######.###
..........######
.................
.................
#........
.######...(####
#(.......
#(.......
#.....(..
..##..... #.#
.....


You could see 2 wights.

Vanquished Creatures
  An ogre (D:2)
  2 wights
  Robin (D:2)
  2 adders (D:2)
  A dart slug (D:1)
  3 ball pythons (D:1)
  2 bats
  7 endoplasms
  A giant cockroach (D:1)
  6 hobgoblins
  3 quokkas
  2 frilled lizards
  10 goblins
  2 kobolds (D:2)
  3 rats
46 creatures vanquished.

Notes
Turn   | Place    | Note
-------+----------+-------------------------------------------
     0 | D:1      | LustLizard the Minotaur Berserker began the quest for the
                  | Orb.
     0 | D:1      | Reached XP level 1. HP: 19/19 MP: 0/0
    13 | D:1      | Noticed an electric eel
    88 | D:1      | Reached skill level 4 in Axes
   144 | D:1      | Reached XP level 2. HP: 18/27 MP: 1/1
   707 | D:2      | Reached skill level 1 in Throwing
   707 | D:2      | Reached XP level 3. HP: 27/33 MP: 2/2
  1122 | D:2      | Noticed Robin
  1128 | D:2      | Reached ** piety under Trog
  1129 | D:2      | Killed Robin
  1450 | D:2      | Reached XP level 4. HP: 40/40 MP: 3/3
  1470 | D:2      | Noticed an ogre
  1480 | D:2      | Killed an ogre
  1481 | D:2      | Reached skill level 5 in Axes
  1481 | D:2      | Reached XP level 5. HP: 45/47 MP: 4/4
  2395 | D:3      | HP: 2/46 [wight/+0 dire flail (13)]
  2395 | D:3      | Mangled by a wight

Illustrated notes

Levels and vault maps discovered:
D:1:      arrival_aquarium_a, layout_rooms
D:2:      layout_basic, uniq_robin
D:3:      layout_basic, uniq_crazy_yiuf_cottage

Skill      XL: |  1  2  3  4  5 |
---------------+----------------+-----
Axes           | 4 5 |  5.9
Fighting       | 4 |  4.8
Throwing       | 1 2 3 |  3.2
Armour         | |  2.4
Dodging        | |  2.1

Action                   |  1- 3 |  4- 6 || total
-------------------------+-------+-------++-------
Melee: Hand axe          |    71 |    38 ||   109
       Headbutt          |     9 |     5 ||    14
       Punch             |       |     1 ||     1
Throw: Boomerang         |     1 |       ||     1
       Stone             |     4 |    13 ||    17
Invok: Berserk           |       |     1 ||     1
Armor: Animal skin       |     5 |       ||     5
       Leather armour    |    19 |     1 ||    20
Dodge: Dodged            |    54 |    14 ||    68
